NCAA
TENNESSEE VOLUNTEERS @ NEBRASKA CORNHUSKERS
04/02/2024
 
TOP OF THE 1ST
Tennessee Volunteers batting - Pitching for Nebraska Cornhuskers : RHP Mike Coleman
Pitching: RHP Mike Coleman
Batting: LHB Arnold Stewart 0-0: Ball
1-0: Foul Ball, location: 2F
1-1: Foul Ball, location: 2F
1-2: Ball
2-2: Foul Ball, location: 2F
2-2: Foul Ball, location: 2F
2-2: Foul Ball, location: 2F
2-2: Ball
3-2: SINGLE (Groundball, 4MD)
Batting: RHB Jesús Villegas 0-0: Ball
Arnold Stewart steals 2nd base
1-0: Swinging Strike
1-1: Ball
2-1: Called Strike
2-2: Ball
3-2: Fly out, F7 (Flyball, 78M)
Batting: RHB Ken Sánchez 0-0: Called Strike
0-1: Ball
1-1: Ground out 6-3 (Groundball, 56)
Batting: RHB Aaron Washington 0-0: Ground out 1-3 (Groundball, 13S)
Top of the 1st over - 0 run(s), 1 hit(s), 0 error(s), 1 left on base; Tennessee 0 - Nebraska 0
BOTTOM OF THE 1ST
Nebraska Cornhuskers batting - Pitching for Tennessee Volunteers : LHP Pepe Pérez
Pitching: LHP Pepe Pérez
Batting: LHB Dennis Fontenot 0-0: Called Strike
0-1: Ball
1-1: Foul Ball, location: 2F
1-2: Strikes out looking
Batting: LHB Clifton Fairchild 0-0: Called Strike
0-1: Foul Ball, location: 2F
0-2: Ball
1-2: Strikes out looking
Batting: RHB Eugene Allen 0-0: Foul Ball, location: 2F
0-1: Ball
1-1: Ball
2-1: Called Strike
2-2: Strikes out swinging
Bottom of the 1st over - 0 run(s), 0 hit(s), 0 error(s), 0 left on base; Tennessee 0 - Nebraska 0
TOP OF THE 2ND
Tennessee Volunteers batting - Pitching for Nebraska Cornhuskers : RHP Mike Coleman
Batting: RHB Tanner Albert 0-0: Ball
1-0: Ball
2-0: Called Strike
2-1: Fly out, F5 (Popup, 5L)
Batting: SHB Scott Cox 0-0: Ball
1-0: Ball
2-0: Swinging Strike
2-1: Ball
3-1: Ground out 1-3 (Groundball, 23)
Batting: RHB Juan Corvarubia 0-0: Foul Ball, location: 2F
0-1: Ball
1-1: SINGLE (Line Drive, 5D)
Batting: RHB Michael Sawyer 0-0: Ball
1-0: Called Strike
1-1: Ball
2-1: Ball
3-1: Foul Ball, location: 2F
3-2: Foul Ball, location: 2F
3-2: Foul Ball, location: 2F
3-2: Foul Ball, location: 2F
3-2: Foul Ball, location: 2F
3-2: Strikes out looking
Top of the 2nd over - 0 run(s), 1 hit(s), 0 error(s), 1 left on base; Tennessee 0 - Nebraska 0
BOTTOM OF THE 2ND
Nebraska Cornhuskers batting - Pitching for Tennessee Volunteers : LHP Pepe Pérez
Batting: LHB Gilberto Ramírez 0-0: Called Strike
0-1: Foul Ball, location: 2F
0-2: Ground out 4-3 (Groundball, 4)
Batting: RHB Ralph Powell 0-0: Ball
1-0: Called Strike
1-1: SOLO HOME RUN (Flyball, 8LXD), Distance : 404 ft
Batting: RHB Spencer Saramio 0-0: Ball
1-0: Ball
2-0: Swinging Strike
2-1: Ball
3-1: SINGLE (Groundball, 6D) (infield hit)
Batting: RHB Ron Garrett 0-0: Called Strike
0-1: 2-RUN HOME RUN (Flyball, 7D), Distance : 344 ft
Batting: LHB David Adams 0-0: Called Strike
0-1: Ball
1-1: Ball
2-1: Ball
3-1: Foul Ball, location: 2F
3-2: Base on Balls
Batting: RHB Jesús Muńíz 0-0: Ball
1-0: Called Strike
1-1: Grounds into double play, 6-4-3 (Groundball, 6)
Bottom of the 2nd over - 3 run(s), 3 hit(s), 0 error(s), 0 left on base; Tennessee 0 - Nebraska 3
TOP OF THE 3RD
Tennessee Volunteers batting - Pitching for Nebraska Cornhuskers : RHP Mike Coleman
Batting: LHB Roberto Medina 0-0: Ball
1-0: Foul Ball, location: 2F
1-1: Foul Ball, location: 2F
1-2: Foul Ball, location: 2F
1-2: Ball
2-2: Ball
3-2: Ground out 4-3 (Groundball, 4)
Batting: LHB Arnold Stewart 0-0: Foul Ball, location: 2F
0-1: Swinging Strike
0-2: Ball
1-2: Ball
2-2: Strikes out swinging
Batting: RHB Jesús Villegas 0-0: Ball
1-0: SINGLE (Line Drive, 9S)
Batting: RHB Ken Sánchez 0-0: Ball
1-0: Called Strike
1-1: Foul Ball, location: 2F
1-2: Ball
2-2: Strikes out swinging
Top of the 3rd over - 0 run(s), 1 hit(s), 0 error(s), 1 left on base; Tennessee 0 - Nebraska 3
BOTTOM OF THE 3RD
Nebraska Cornhuskers batting - Pitching for Tennessee Volunteers : LHP Pepe Pérez
Batting: LHB Dennis Fontenot 0-0: Ball
1-0: Swinging Strike
1-1: Called Strike
1-2: TRIPLE (Flyball, 9M)
Batting: LHB Clifton Fairchild 0-0: Swinging Strike
0-1: Called Strike
0-2: Fly out, F7 (Flyball, 7M)
Runner from 3rd tags up, SCORES, no throw
Batting: RHB Eugene Allen 0-0: Swinging Strike
0-1: Foul Ball, location: 2F
0-2: Strikes out swinging
Batting: LHB Gilberto Ramírez 0-0: Swinging Strike
0-1: Ball
1-1: Swinging Strike
1-2: Ball
2-2: Strikes out swinging
Bottom of the 3rd over - 1 run(s), 1 hit(s), 0 error(s), 0 left on base; Tennessee 0 - Nebraska 4
TOP OF THE 4TH
Tennessee Volunteers batting - Pitching for Nebraska Cornhuskers : RHP Mike Coleman
Batting: RHB Aaron Washington 0-0: Ball
1-0: Ball
2-0: Called Strike
2-1: SINGLE (Line Drive, 8RS)
Batting: RHB Tanner Albert 0-0: Swinging Strike
0-1: Ball
1-1: Ball
2-1: Foul Ball, location: 2F
2-2: Strikes out swinging
Batting: SHB Scott Cox 0-0: Ball
1-0: Ball
2-0: Ground out 4-3 (Groundball, 4M)
Aaron Washington to second
Batting: RHB Juan Corvarubia 0-0: Called Strike
0-1: Ball
1-1: Called Strike
1-2: Strikes out looking
Top of the 4th over - 0 run(s), 1 hit(s), 0 error(s), 1 left on base; Tennessee 0 - Nebraska 4
BOTTOM OF THE 4TH
Nebraska Cornhuskers batting - Pitching for Tennessee Volunteers : LHP Pepe Pérez
Batting: RHB Ralph Powell 0-0: Foul Ball, location: 2F
0-1: Ball
1-1: Ground out 6-3 (Groundball, 6)
Batting: RHB Spencer Saramio 0-0: Called Strike
0-1: Fly out, F7 (Flyball, 78M)
Batting: RHB Ron Garrett 0-0: Swinging Strike
0-1: Ball
1-1: Foul Ball, location: 2F
1-2: Strikes out swinging
Bottom of the 4th over - 0 run(s), 0 hit(s), 0 error(s), 0 left on base; Tennessee 0 - Nebraska 4
TOP OF THE 5TH
Tennessee Volunteers batting - Pitching for Nebraska Cornhuskers : RHP Mike Coleman
Batting: RHB Michael Sawyer 0-0: Ball
1-0: Foul Ball, location: 2F
1-1: Ball
2-1: Ball
3-1: Foul Ball, location: 2F
3-2: Foul Ball, location: 2F
3-2: Ground out 4-3 (Groundball, 4MS)
Pitching: RHP Brian Walker
Batting: LHB Roberto Medina 0-0: Called Strike
0-1: Foul Ball, location: 2F
0-2: Ball
1-2: Fly out, F9 (Flyball, 9M)
Batting: LHB Arnold Stewart 0-0: Ball
1-0: Ground out 6-3 (Groundball, 6M)
Top of the 5th over - 0 run(s), 0 hit(s), 0 error(s), 0 left on base; Tennessee 0 - Nebraska 4
BOTTOM OF THE 5TH
Nebraska Cornhuskers batting - Pitching for Tennessee Volunteers : LHP Pepe Pérez
Batting: LHB David Adams 0-0: Ball
1-0: Ball
2-0: Called Strike
2-1: Foul Ball, location: 2F
2-2: Strikes out looking
Batting: RHB Jesús Muńíz 0-0: Ball
1-0: Foul Ball, location: 2F
1-1: Called Strike
1-2: Strikes out swinging
Batting: LHB Dennis Fontenot 0-0: Foul Ball, location: 2F
0-1: SINGLE (Groundball, 6MD)
Batting: LHB Clifton Fairchild 0-0: Ball
1-0: Ball
2-0: Fielders Choice at 2nd, U6 (Groundball, 6M)
Bottom of the 5th over - 0 run(s), 1 hit(s), 0 error(s), 1 left on base; Tennessee 0 - Nebraska 4
TOP OF THE 6TH
Tennessee Volunteers batting - Pitching for Nebraska Cornhuskers : RHP Brian Walker
Batting: RHB Jesús Villegas 0-0: Foul Ball, location: 2F
0-1: Ball
1-1: Swinging Strike
1-2: Fly out, F3 (Popup, 23F)
Batting: RHB Ken Sánchez 0-0: Called Strike
0-1: Swinging Strike
0-2: Ball
1-2: Ball
2-2: Ball
3-2: Base on Balls
Batting: RHB Aaron Washington 0-0: Called Strike
0-1: Foul Ball, location: 2F
0-2: Ball
1-2: Ball
Ken Sánchez steals 2nd base
2-2: Fly out, F4 (Popup, 34)
Batting: RHB Tanner Albert 0-0: Foul Ball, location: 2F
0-1: Foul Ball, location: 2F
0-2: Ball
1-2: Ball
2-2: Strikes out swinging
Top of the 6th over - 0 run(s), 0 hit(s), 0 error(s), 1 left on base; Tennessee 0 - Nebraska 4
BOTTOM OF THE 6TH
Nebraska Cornhuskers batting - Pitching for Tennessee Volunteers : LHP Pepe Pérez
Batting: RHB Eugene Allen 0-0: Ball
1-0: SINGLE (Groundball, 56D)
Batting: LHB Gilberto Ramírez 0-0: Ball
1-0: Ball
2-0: Swinging Strike
2-1: Swinging Strike
2-2: Foul Ball, location: 2F
2-2: Foul Ball, location: 2F
2-2: Ball
3-2: Strikes out swinging
Eugene Allen is caught stealing 2nd base
Batter strikes out.
Batting: RHB Ralph Powell 0-0: Fly out, F7 (Flyball, 78M)
Bottom of the 6th over - 0 run(s), 1 hit(s), 0 error(s), 0 left on base; Tennessee 0 - Nebraska 4
TOP OF THE 7TH
Tennessee Volunteers batting - Pitching for Nebraska Cornhuskers : RHP Brian Walker
Batting: SHB Scott Cox 0-0: Ground out 4-3 (Groundball, 34)
Pitching: RHP Elvis McDonald
Batting: RHB Juan Corvarubia 0-0: Ball
1-0: Ball
2-0: Foul Ball, location: 2F
2-1: Swinging Strike
2-2: Ball
3-2: Base on Balls
Batting: RHB Michael Sawyer 0-0: Ball
1-0: Ball
2-0: Called Strike
2-1: Ball
3-1: Foul Ball, location: 2F
3-2: Strikes out swinging
Batting: LHB Roberto Medina 0-0: Ball
1-0: Ball
2-0: Called Strike
2-1: Called Strike
2-2: Foul Ball, location: 2F
2-2: Ball
3-2: Foul Ball, location: 2F
3-2: Foul Ball, location: 2F
3-2: Foul Ball, location: 2F
3-2: Foul Ball, location: 2F
3-2: Foul Ball, location: 2F
3-2: Base on Balls
Juan Corvarubia to second
Batting: LHB Arnold Stewart 0-0: Foul Ball, location: 2F
0-1: Fly out, F7 (Flyball, 7LM)
Top of the 7th over - 0 run(s), 0 hit(s), 0 error(s), 2 left on base; Tennessee 0 - Nebraska 4
BOTTOM OF THE 7TH
Nebraska Cornhuskers batting - Pitching for Tennessee Volunteers : LHP Pepe Pérez
Pitching: RHP Victor Miller
Batting: RHB Spencer Saramio 0-0: Ball
1-0: Foul Ball, location: 2F
1-1: Ball
2-1: Ball
3-1: Ground out 5-3 (Groundball, 56)
Batting: RHB Ron Garrett 0-0: Called Strike
0-1: Swinging Strike
0-2: Ball
1-2: Foul Ball, location: 2F
1-2: Strikes out swinging
Batting: LHB David Adams 0-0: Ball
1-0: Ball
2-0: DOUBLE (Groundball, 5L)
Batting: RHB Jesús Muńíz 0-0: Called Strike
0-1: Fly out, F9 (Flyball, 89M)
Bottom of the 7th over - 0 run(s), 1 hit(s), 0 error(s), 1 left on base; Tennessee 0 - Nebraska 4
TOP OF THE 8TH
Tennessee Volunteers batting - Pitching for Nebraska Cornhuskers : RHP Elvis McDonald
Batting: RHB Jesús Villegas 0-0: Fly out, F6 (Line Drive, 6)
Batting: RHB Ken Sánchez 0-0: Called Strike
0-1: Ball
1-1: Called Strike
1-2: Ball
2-2: Foul Ball, location: 2F
2-2: Strikes out swinging
Batting: RHB Aaron Washington 0-0: Called Strike
0-1: Ball
1-1: Called Strike
1-2: Fly out, F9 (Flyball, 9S)
Top of the 8th over - 0 run(s), 0 hit(s), 0 error(s), 0 left on base; Tennessee 0 - Nebraska 4
BOTTOM OF THE 8TH
Nebraska Cornhuskers batting - Pitching for Tennessee Volunteers : RHP Victor Miller
Batting: LHB Dennis Fontenot 0-0: Fly out, F9 (Flyball, 9M)
Batting: LHB Clifton Fairchild 0-0: Ground out 4-3 (Groundball, 4)
Batting: RHB Eugene Allen 0-0: Called Strike
0-1: Called Strike
0-2: Strikes out looking
Bottom of the 8th over - 0 run(s), 0 hit(s), 0 error(s), 0 left on base; Tennessee 0 - Nebraska 4
TOP OF THE 9TH
Tennessee Volunteers batting - Pitching for Nebraska Cornhuskers : RHP Elvis McDonald
Pitching: RHP James Burke
Batting: RHB Tanner Albert 0-0: Foul Ball, location: 2F
0-1: Ball
1-1: Ball
2-1: Foul Ball, location: 2F
2-2: Strikes out looking
Batting: SHB Scott Cox 0-0: Called Strike
0-1: Ball
1-1: Ball
2-1: Ball
3-1: Called Strike
3-2: Foul Ball, location: 2F
3-2: Base on Balls
Batting: RHB Juan Corvarubia 0-0: Ball
1-0: Ball
2-0: Foul Ball, location: 2F
2-1: Ball
3-1: Fly out, F8 (Flyball, 8LS)
Batting: RHB Michael Sawyer 0-0: Ball
1-0: Swinging Strike
1-1: Ball
2-1: Swinging Strike
2-2: Strikes out swinging
Top of the 9th over - 0 run(s), 0 hit(s), 0 error(s), 1 left on base; Tennessee 0 - Nebraska 4
This league is powered by Out of the Park Baseball, the baseball management simulation game for PC, Mac and Linux
Saturday, April 9th, 2016 - OOTP Baseball 16.8 Build 38